Map: Blueshift LE

Players

GelioS

  • Race: Protoss Protoss
  • Spawn Location: 7:00

kemachi - Winner!

  • Race: Zerg Zerg
  • League: Diamond
  • Spawn Location: 1:00

VOD

Have the link to the VOD?

Description

Time

  • Played on: Aug. 14, 2018, 4:28 p.m.
  • Length: 15:01
Show
View Real Time Build Order
Export as new Build Order

GelioS Protoss 

Build Orders: Mass Adepts 

Get SALT Encoding   

  12  0:01  Probe  
  13  0:13  Probe  
  14  0:19  Pylon  
  14  0:25  Probe  
  15  0:35  Probe  
  15  0:39  Gateway  
  16  0:43  Probe  
  17  0:50  Assimilator  
  17  0:52  Probe  
  18  0:59  Assimilator  
  18  1:09  Probe  
  19  1:21  Probe  
  20  1:26  Cybernetics Core  
  20  1:39  Pylon  
  20  1:41  Probe  
  21  1:53  Probe, Warp Gate  
  22  2:02  Gateway  
  22  2:06  Probe  
  22  2:08  Pylon  
  23  2:10  Adept  
  25  2:22  Twilight Council  
  25  2:24  Probe  
  26  2:41  Resonating Glaives  
  26  2:42  Pylon  
  26  2:48  Gateway  
  26  3:06  Gateway  
  26  3:13  Adept  
  26  3:14  Adept  
  30  3:48  Pylon  
  30  4:01  Adept x4  
  38  4:07  Dark Shrine  
  20  4:26  Adept x4  
  24  4:54  Adept  
  24  4:56  Adept  
Show
View Real Time Build Order
Export as new Build Order

kemachi Zerg - Winner!

Build Orders: 3 Hatch before Pool 

Get SALT Encoding   

  12  0:01  Drone  
  13  0:12  Overlord  
  13  0:16  Drone  
  14  0:31  Drone x2  
  14  0:34  Drone  
  17  0:54  Hatchery  
  17  0:56  Drone  
  17  0:59  Drone  
  18  1:06  Drone  
  19  1:14  Extractor  
  19  1:18  Drone  
  19  1:31  Drone  
  20  1:33  Hatchery  
  19  1:46  Spawning Pool  
  18  1:49  Drone  
  19  1:55  Overlord  
  19  2:02  Drone  
  19  2:07  Drone  
  21  2:20  Overlord  
  21  2:34  Queen x2  
  21  2:36  Metabolic Boost  
  25  2:42  Zergling x4  
  27  2:54  Zergling x2  
  27  2:55  Zergling x6  
  31  3:04  Spore Crawler  
  31  3:05  Spore Crawler  
  29  3:07  Zergling x2  
  30  3:19  Zergling x8  
  34  3:29  Zergling x6  
  37  3:41  Lair  
  37  3:58  Burrow  
  37  3:59  Zergling x6  
  37  4:00  Zergling x2  
  41  4:05  Zergling x2  
  41  4:06  Zergling x2  
  41  4:08  Zergling x2  
  44  4:16  Zergling x4  
  46  4:17  Zergling x2  
  46  4:20  Zergling x2  
  46  4:23  Zergling x2  
  36  4:39  Drone x5  
  40  4:50  Queen  
  42  4:56  Zergling x6  
  45  5:09  Zergling x12  
  48  5:24  Zergling x4  
  45  5:37  Zergling x8  
  45  5:41  Overlord  
  45  5:42  Overlord x2  
  28  5:54  Zergling x10  
  31  6:22  Spawning Pool  
  30  6:46  Hatchery  
  29  7:11  Spine Crawler  
  29  7:12  Spine Crawler  
  27  7:15  Spine Crawler  
  27  7:17  Spine Crawler, Zergling x8  
  27  7:19  Spine Crawler  
  28  7:29  Queen  
  17  7:41  Zergling x2  
  18  8:28  Spawning Pool  
  18  8:29  Drone x3  
  18  9:15  Queen  
  18  9:16  Hatchery  
  18  9:17  Zergling x6  
  22  9:31  Zergling x2  
  21  9:45  Zergling x2  
  23  9:49  Extractor  
  23  9:51  Queen  
  24  9:56  Spine Crawler  
  24  9:57  Spine Crawler  
  22  10:01  Zergling x2  
  22  10:02  Zergling x2  
  24  10:22  Hatchery  
  24  10:27  Zergling x8  
  27  10:44  Baneling Nest  
  18  11:54  Spawning Pool  
  17  12:31  Drone x3  
  20  12:41  Queen  
  20  12:44  Zergling x2  
  23  12:53  Zergling x2  
  24  13:35  Drone x3  
  24  13:39  Spine Crawler  
  26  13:42  Spine Crawler  
  26  13:46  Spine Crawler  
  24  13:52  Zergling x2  
  25  14:05  Zergling x8  
  24  14:18  Zergling x2  
  22  14:42  Zergling x8  
Tags
 
Composition
Mass Adepts
League
Diamond
Matchup
PvZ
Spawn Locations
Cross Positions
Add a new tag
Caveats
  • Supply blocks, unpowered buildings, or Contaminate may cause inaccurate times.
  • Supply counts are checked every 10 seconds.